 Dungeon Crawl Stone Soup version 0.29-a0-468-ge57f7f99b4 (webtiles) character file.

Game seed: 17019251700984868541

155 xian the Conjurer (level 5, -2/38 HPs)
             Began as a Draconian Conjurer on May 21, 2022.
             Killed by nerve-wracking pain
             ... invoked by Grinder
              (11 damage)
             ... on level 2 of the Dungeon.
             The game lasted 00:07:35 (2959 turns).

xian the Conjurer (Draconian Conjurer)              Turns: 2959, Time: 00:07:35

Health: -2/38      AC:  5    Str:  9 (10) XL:     5   Next: 14%
Magic:  1/9        EV: 12    Int: 19 (20) God:
Gold:   83         SH:  0    Dex:  8 (9)  Spells: 7/10 levels left

rFire   . . .      SeeInvis .   d - +0 dagger
rCold   . . .      Faith    .   (no shield)
rNeg    . . .      Spirit   .   (body armour unavailable)
rPois   .          Reflect  .   (helmet restricted)
rElec   .          Harm     .   (no cloak)
rCorr   .          Rampage  .   (no gloves)
Will    .....                   (no boots)
Stlth   ++........              (no amulet)
HPRegen 0.12/turn               (no ring)
MPRegen 0.11/turn               (no ring)

@: no status effects
A: AC +5, unfitting armour, cold-blooded
a: no special abilities


You were on level 2 of the Dungeon.
You visited 1 branch of the dungeon, and saw 3 of its levels.

You collected 83 gold pieces.

Inventory:

Hand Weapons
 d - a +0 dagger (weapon)
Missiles
 g - 3 atropa-tipped darts
Scrolls
 b - 2 scrolls of magic mapping {unknown}
 c - 6 scrolls of identify {unknown}
 e - a scroll of vulnerability {unknown}
 h - a scroll of teleportation {unknown}
 i - a scroll of enchant weapon {unknown}
 m - a scroll of summoning {unknown}
Potions
 a - a potion of magic
 f - a potion of degeneration
 j - a potion of curing {unknown}
 k - a potion of lignification {unknown}
 l - a potion of mutation {unknown}


   Skills:
 + Level 0.1 Fighting
 + Level 2.0 Dodging
 + Level 2.5 Stealth
 + Level 3.1 Spellcasting
 + Level 5.4 Conjurations


You had 7 spell levels left.
You knew the following spells:

 Your Spells              Type           Power      Damage    Failure   Level
a - Magic Dart            Conj           92%        1d7       1%          1
b - Searing Ray           Conj           46%        2d6       2%          2

Your spell library contained the following spells:

 Spells                   Type           Power      Damage    Failure   Level
 Dazzling Flash           Conj/Hex       26%        N/A       16%         3
 Confusing Touch          Hex            2%         N/A       41%         3
 Fulminant Prism          Conj/Hex       6%         3d7       45%         4
 Iskenderun's Mystic Bla  Conj/Tloc      13%        2d5       45%         4
 Yara's Violent Unravell  Hex/Tmut       1%         3d3       99%         5
 Enfeeble                 Hex            1%         N/A       100%        7


Dungeon Overview and Level Annotations

Branches:
Dungeon (3/15)

Altars:
Vehumet

Annotations:
D:2 Grinder


Innate Abilities, Weirdness & Mutations

Your plain brown scales are hard. (AC +5)
You cannot fit into any form of body armour.
You are cold-blooded and may be slowed by cold attacks.


Message History

Unknown command.
You hit Grinder but do no damage.
Your tail-slap misses Grinder.
Grinder is severely wounded.
Grinder completely misses you.
Unknown command.
You hit Grinder but do no damage.
Grinder is severely wounded.
Grinder misses you.
You barely miss Grinder.
Grinder is severely wounded.
Grinder blinks!
Grinder gestures at you. You resist with significant effort.
Grinder gestures at you.
You suddenly lose the ability to move!
Grinder gestures at you. You resist with significant effort.
You can move again.
Grinder blinks!
You start resting.
Grinder is nearby!
Casting: Magic Dart (safe; 1% risk of failure)
Confirm with . or Enter, or press ? or * to list all spells.
Aiming: Searing Ray (safe; 2% risk of failure)
Press: ? - help, Shift-Dir - straight line, f/p - Grinder
Aim: Grinder (severely wounded, 75% to hit)
The searing ray misses Grinder. (Press . to maintain the ray.)
The searing ray hits Grinder!
Grinder is almost dead.
Grinder closely misses you.
You hit Grinder but do no damage.
Grinder is almost dead.
Grinder hits you.
You writhe in agony.
* * * LOW HITPOINT WARNING * * *
You hit Grinder but do no damage.
Grinder is almost dead.
Grinder gestures at you. Pain shoots through your body!
You die...

#.##.######## #5.#
#.#...^.....###### #..#
#....##.......>..# #..#
##...##.###.####.# #..#
##...##.# #.####.####§.#
........###............#
.....##.#.######.####.##
#...###....####.5.###.#
#...# #.........@.....#
....# #....####...#####
...## #.........>## #.##
#.#.########
#.#####....#
#<...†.....#
...........#
############


You could see Grinder.

Vanquished Creatures
  A jelly (D:2)
  4 adders
  4 gnolls
  A worm (D:2)
  3 dart slugs
  7 bats
  3 endoplasms
  A giant cockroach (D:1)
  3 goblins
  4 hobgoblins
  5 ball pythons
  A kobold (D:2)
  10 rats
47 creatures vanquished.

Notes
Turn   | Place    | Note
-------+----------+-------------------------------------------
     0 | D:1      | xian the Draconian Conjurer began the quest for the Orb.
     0 | D:1      | Reached XP level 1. HP: 14/14 MP: 3/3
   493 | D:1      | Reached XP level 2. HP: 20/20 MP: 3/5
   840 | D:1      | Reached XP level 3. HP: 12/26 MP: 1/6
  1599 | D:2      | Reached skill level 5 in Conjurations
  1768 | D:2      | Reached XP level 4. HP: 26/33 MP: 1/7
  2092 | D:2      | Learned a level 2 spell: Searing Ray
  2241 | D:2      | Found a radiant altar of Vehumet.
  2560 | D:3      | Reached XP level 5. HP: 38/38 MP: 6/9
  2607 | D:3      | Noticed Grinder
  2614 | D:3      | Paralysed by Grinder for 5 turns
  2622 | D:3      | Paralysed by Grinder for 5 turns
  2636 | D:3      | Paralysed by Grinder for 3 turns
  2644 | D:3      | Paralysed by Grinder for 2 turns
  2919 | D:3      | Paralysed by Grinder for 4 turns
  2937 | D:2      | Paralysed by Grinder for 4 turns
  2959 | D:2      | Killed from afar by Grinder

Illustrated notes

Levels and vault maps discovered:
D:1:      sevenhm_arrival_forest_fort_small_5, layout_basic
D:2:      layout_loops_ring, basic_altar
D:3:      layout_rooms, grunt_dithmenos_smoke, serial_glass, glass_columns_c,
          glass_columns_c, glass_columns_b, glass_columns_a, glass_columns_a,
          glass_columns_a, glass_columns_b, glass_columns_b, glass_columns_b,
          glass_columns_a, glass_columns_a, glass_columns_c, glass_columns_a,
          glass_columns_b, basic_ecumenical_altar, uniq_grinder, uniq_ijyb

Skill      XL: |  1  2  3  4  5 |
---------------+----------------+-----
Dodging        | 2 |  2.0
Conjurations   | 5 |  5.4
Stealth        | 2 |  2.5
Spellcasting   | 3 |  3.1
Fighting       | |  0.1

Action                   |  1- 3 |  4- 6 || total
-------------------------+-------+-------++-------
Melee: Unarmed           |    11 |       ||    11
       Tailslap          |     1 |       ||     1
       Dagger            |     8 |    13 ||    21
 Cast: Magic Dart        |    74 |    30 ||   104
       Searing Ray       |       |     6 ||     6
  Use: Potion            |       |     1 ||     1
Armor: Skin              |     8 |    10 ||    18
Dodge: Dodged            |    10 |    11 ||    21

Table legend: (Time is in decaauts)
 A = Elapsed time spent in this place.
 B = Non-inter-level travel time spent in this place.
 C = Inter-level travel time spent in this place.
 D = Time resting spent in this place.
 E = Time spent auto-exploring this place.
 F = Levels seen in this place.
 G = Mean time per level.
                   A        B        C        D        E       F      G
               +--------+--------+--------+--------+--------+-----+--------+
         Total |   2961 |   2919 |     42 |    364 |   2148 |   3 |  987.0 |
       Dungeon |   2961 |   2919 |     42 |    364 |   2148 |   3 |  987.0 |
               +--------+--------+--------+--------+--------+-----+--------+

Top non-repeatable levels by time:
     D:2: 1543 daAuts
     D:1: 1312 daAuts
     D:3: 105 daAuts
